 Dungeon Crawl Stone Soup version 0.27.1 (webtiles) character file.

Game seed: 14959941397861129813

19 VictoriousLee the Digger (level 2, -4/15 HPs)
             Began as a Gargoyle Earth Elementalist on Aug 27, 2021.
             Slain by a scorpion (6 damage)
             ... on level 2 of the Dungeon.
             The game lasted 00:05:13 (1075 turns).

VictoriousLee the Digger (GrEE)                     Turns: 1075, Time: 00:05:14

Health: -4/15      AC:  5    Str: 11    XL:     2   Next: 75%
Magic:  1/5        EV: 11    Int: 15    God:
Gold:   42         SH:  0    Dex: 10    Spells: 2/5 levels left

rFire    . . .     SeeInvis .   d - +0 club
rCold    . . .     Faith    .   (no shield)
rNeg     + . .     Spirit   .   h - +0 leather armour
rPois    ∞         Reflect  .   (no helmet)
rElec    +         Harm     .   (no cloak)
rCorr    .         Rampage  .   (no gloves)
Will     .....                  (no boots)
Stlth    ++........             (no amulet)
HPRegen  0.05/turn              (no ring)
MPRegen  0.09/turn              (no ring)

@: brilliant
A: sickness immunity, AC +2, negative energy resistance 1, electricity
resistance, torment resistance 1, petrification resistance
a: no special abilities


You were on level 2 of the Dungeon.
You visited 1 branch of the dungeon, and saw 2 of its levels.

You collected 42 gold pieces.

Inventory:

Hand Weapons
 a - a +0 short sword
 d - a +0 club (weapon)
 e - a +0 whip
Missiles
 c - 36 stones
Armour
 b - a +0 robe
 h - a +0 leather armour (worn)
Scrolls
 g - a scroll of silence {unknown}
 j - a scroll of enchant armour {unknown}
Potions
 f - a potion of brilliance
 i - a potion of might {unknown}


   Skills:
 + Level 0.8 Maces & Flails
 - Level 1.5 Dodging
 - Level 2.1 Stealth
 - Level 2.0 Spellcasting
 - Level 1.0 Transmutations
 * Level 4.4 Earth Magic


You had 2 spell levels left.
You knew the following spells:

 Your Spells              Type           Power      Damage    Failure   Level
a - Sandblast             Erth           44%        2d11      4%          1
p - Passwall              Tmut/Erth      11%        N/A       14%         2

Your spell library contained the following spells:

 Spells                   Type           Power      Damage    Failure   Level
 Stone Arrow              Conj/Erth      24%        3d8       34%         3
 Petrify                  Tmut/Erth      14%        N/A       67%         4


Dungeon Overview and Level Annotations

Branches:
Dungeon (2/15)

Altars:
Ru


Innate Abilities, Weirdness & Mutations

You are immune to sickness and miasma.
Your stone body is resilient. (AC +2)
You are immune to poison.
You resist negative energy. (rN+)
You are resistant to electric shocks. (rElec)
You are resistant to unholy torment.
You are immune to petrification.


Message History

Aim: a scorpion (79% to hit)
The blast of sand hits the scorpion but does no damage.
The scorpion barely misses you.
Aiming: Sandblast (safe; 4% risk of failure)
Press: ? - help, Q - select action, (/) - cycle Shift-Dir - straight line, f/p - scorpion
Aim: a scorpion (79% to hit)
The blast of sand hits the scorpion.
The scorpion is moderately wounded.
The scorpion stings you.
Aiming: Sandblast (safe; 4% risk of failure)
Press: ? - help, Q - select action, (/) - cycle Shift-Dir - straight line, f/p - scorpion
Aim: a scorpion (moderately wounded, 79% to hit)
The blast of sand hits the scorpion.
The scorpion is moderately wounded.
The scorpion stings you!
* * * LOW HITPOINT WARNING * * *
Aiming: Sandblast (safe; 4% risk of failure)
Press: ? - help, Q - select action, (/) - cycle Shift-Dir - straight line, f/p - scorpion
Aim: a scorpion (moderately wounded, 79% to hit)
The blast of sand hits the scorpion.
The scorpion is moderately wounded.
The scorpion barely misses you.
Aiming: Sandblast (safe; 4% risk of failure)
Press: ? - help, Q - select action, (/) - cycle Shift-Dir - straight line, f/p - scorpion
Aim: a scorpion (moderately wounded, 79% to hit)
The blast of sand misses the scorpion.
The scorpion closely misses you.
The scorpion stings you but does no damage.
The ball python hisses angrily.
Found a sacrificial altar of Ru.
The ball python barely misses you. The ball python grabs you.
The ball python constricts you.
* * * LOW HITPOINT WARNING * * *
You escape the ball python's grasp.
The scorpion stings you but does no damage.
It was a potion of brilliance.
You feel clever all of a sudden.
The scorpion stings you but does no damage.
The scorpion stings you.
You die...

#......####
#.#...## #.##.##
#. #.# #.##.# #
#....##########.#
###.............##
#.####.........#
#@####.#..####.
#s#....#..##
#S#.####...# #.#.#
#..#.# #.#.#
##.###.# #.#.#
#.## #..
#.#.###..## ...
#.........# ..#
###.###....# .#


You could see a scorpion and a ball python.

Vanquished Creatures
  3 ball pythons (D:1)
  2 giant cockroaches (D:1)
  2 hobgoblins (D:1)
  A kobold (D:1)
  2 quokkas (D:1)
  A bat (D:1)
  2 frilled lizards
  3 goblins (D:1)
  2 rats (D:1)
18 creatures vanquished.

Notes
Turn   | Place    | Note
-------+----------+-------------------------------------------
     0 | D:1      | VictoriousLee the Gargoyle Earth Elementalist began the
                  | quest for the Orb.
     0 | D:1      | Reached XP level 1. HP: 10/10 MP: 3/3
    64 | D:1      | Reached skill level 1 in Transmutations
   228 | D:1      | Reached skill level 4 in Earth Magic
   249 | D:1      | Reached XP level 2. HP: 15/15 MP: 3/5
   893 | D:1      | Learned a level 2 spell: Passwall
  1054 | D:2      | Noticed a scorpion
  1066 | D:2      | Found a sacrificial altar of Ru.
  1075 | D:2      | Slain by a scorpion

Illustrated notes

Levels and vault maps discovered:
D:1:      sevenhm_arrival_forest_fort_large_1, layout_loops_ring, hex_large
D:2:      layout_loops_ring, basic_altar

Skill      XL: |  1 |
---------------+----+-----
Transmutations | 1 |  1.0
Earth Magic    | 4 |  4.4
Maces & Flails | |  0.8
Dodging        | |  1.5
Stealth        | |  2.1
Spellcasting   | |  2.0

Action                   || total
-------------------------++-------
Melee: Club              ||     5
 Cast: Sandblast         ||    28
  Use: Potion            ||     1
Armor: Robe              ||     4
       Leather armour    ||     3
Dodge: Dodged            ||     7
